 Dungeon Crawl Stone Soup version 0.29-a0-648-g6b26cc9f40 (webtiles) character file.

Game seed: 5378851445593561203

236 dolemite99 the Chiller (level 5, -2/38 HPs)
             Began as a Draconian Ice Elementalist on June 21, 2022.
             Engulfed by a steam dragon's steam (8 damage)
             ... on level 4 of the Dungeon.
             The game lasted 00:05:26 (5075 turns).

dolemite99 the Chiller (Draconian Ice Elementalist) Turns: 5075, Time: 00:05:27

Health: -2/38      AC:  6    Str: 10    XL:     5   Next: 77%
Magic:  0/8        EV: 12    Int: 18    God:
Gold:   112        SH:  0    Dex: 11    Spells: 3/8 levels left

rFire   . . .      SeeInvis .   q - +1 hunting sling
rCold   . . .      Faith    .   (no shield)
rNeg    . . .      Spirit   .   (body armour unavailable)
rPois   .          Reflect  .   d - +1 hat
rElec   .          Harm     .   (no cloak)
rCorr   .          Rampage  .   (no gloves)
Will    .....                   (no boots)
Stlth   ++........              (no amulet)
HPRegen 0.12/turn               (no ring)
MPRegen 0.11/turn               (no ring)

@: freezing walls
A: AC +5, unfitting armour, cold-blooded
a: no special abilities


You were on level 4 of the Dungeon.
You visited 1 branch of the dungeon, and saw 4 of its levels.

You collected 112 gold pieces.

Inventory:

Hand Weapons
 f - a +0 short sword
 h - a +2 short sword of freezing
 l - a +0 vampiric dagger
 q - a +1 hunting sling (weapon)
Armour
 d - a +1 hat (worn)
Magical Staves
 g - a staff of earth
Scrolls
 n - 2 scrolls of fog
 o - a scroll of vulnerability
Potions
 a - a potion of haste {unknown}
 b - a potion of attraction {unknown}
 c - a potion of curing
 e - a potion of ambrosia {unknown}
 i - a potion of berserk rage {unknown}
 j - a potion of might {unknown}
 k - a potion of resistance {unknown}
 m - a potion of mutation {unknown}
 p - a potion of cancellation {unknown}
 r - a potion of invisibility {unknown}


   Skills:
 - Level 1.7 Dodging
 - Level 1.7 Stealth
 - Level 2.0 Spellcasting
 + Level 7.1 Ice Magic


You had 3 spell levels left.
You knew the following spells:

 Your Spells              Type           Power      Damage    Failure   Level
a - Freeze                Ice            100%       1d11      1%          1
b - Frozen Ramparts       Ice            54%        1d7       3%          3
c - Foxfire               Conj/Fire      4%         2x1d4     19%         1

Your spell library contained the following spells:

 Spells                   Type           Power      Damage    Failure   Level
 Ozocubu's Armour         Ice            27%        N/A       3%          3
 Conjure Flame            Conj/Fire      1%         6-21      47%         3
 Inner Flame              Hex/Fire       1%         N/A       47%         3
 Hailstorm                Conj/Ice       14%        3d5       38%         4
 Flame Wave               Conj/Fire      1%         2d4       87%         4
 Ozocubu's Refrigeration  Ice            13%        4d7       100%        7


Dungeon Overview and Level Annotations

Branches:
Dungeon (4/15)
 Temple: D:4-7

Altars:


Innate Abilities, Weirdness & Mutations

Your plain brown scales are hard. (AC +5)
You cannot fit into any form of body armour.
You are cold-blooded and may be slowed by cold attacks.


Message History

Press: ? - help, Shift-Dir - straight line, f/p - ogre
Aim: an ogre, wielding a +0 giant club (heavily wounded)
You freeze the ogre!
The ogre is almost dead.
The wall freezes the steam dragon!
The wall freezes the ogre.
The ogre closely misses you.
Casting: Freeze (safe; 1% risk of failure)
Confirm with . or Enter, or press ? or * to list all spells.
Aiming: Freeze (safe; 1% risk of failure)
Press: ? - help, Shift-Dir - straight line, f/p - ogre
Aim: an ogre, wielding a +0 giant club (almost dead)
You freeze the ogre!
You kill the ogre!
The wall freezes the steam dragon.
Your Ice Magic skill increases to level 7!
Casting: Freeze (safe; 1% risk of failure)
Confirm with . or Enter, or press ? or * to list all spells.
Aiming: Freeze (safe; 1% risk of failure)
Press: ? - help, Shift-Dir - straight line, f - steam dragon
Aim: a steam dragon (heavily wounded)
You freeze the steam dragon.
The steam dragon is severely wounded.
The wall freezes the steam dragon.
The steam dragon closely misses you.
The steam dragon claws you but does no damage.
Casting: Freeze (safe; 1% risk of failure)
Confirm with . or Enter, or press ? or * to list all spells.
You don't have enough magic to cast this spell.
You feel better.
The wall freezes the steam dragon.
The steam dragon closely misses you.
The steam dragon claws you but does no damage.
Really attack while wielding your +1 hunting sling? [Y]es or [N]o only, please.
Really attack while wielding your +1 hunting sling?
Okay, then.
The wall freezes the steam dragon.
The steam dragon breathes steam at you. The ball of steam hits you!
* * * LOW HITPOINT WARNING * * *
You are engulfed in a cloud of scalding steam.
You die...

#.#....#...####.....# .
..............+.....+ ..
#.#....########)....###.#
#.#....#########........#
#.#....#......##........#
..#...........##........#
..#...........####.####.#
..#...........####...#
..#..<........ยงยง@D...+
..#..(........####...#
#.#...........# ###.#
#.#...........# .#
#.######......# .# #.#
######## .# #.# .#
#.###### .##........
#......# #. #........


You could see a steam dragon (catching breath).

Vanquished Creatures
  An ogre (D:4)
  An orc priest (D:3)
  4 gnolls
  An adder (D:2)
  A worm (D:2)
  3 orcs (D:3)
  4 ball pythons
  8 bats
  5 endoplasms
  A giant cockroach (D:3)
  3 goblins
  10 hobgoblins
  4 jackals (D:1)
  7 kobolds
  4 quokkas
  2 frilled lizards
59 creatures vanquished.

Notes
Turn   | Place    | Note
-------+----------+-------------------------------------------
     0 | D:1      | dolemite99 the Draconian Ice Elementalist began the quest
                  | for the Orb.
     0 | D:1      | Reached XP level 1. HP: 14/14 MP: 3/3
   211 | D:1      | Reached XP level 2. HP: 13/20 MP: 0/5
  1167 | D:1      | Reached skill level 5 in Ice Magic
  1669 | D:1      | Reached XP level 3. HP: 26/26 MP: 4/6
  3055 | D:1      | Learned a level 3 spell: Frozen Ramparts
  3136 | D:2      | Reached XP level 4. HP: 22/33 MP: 3/7
  3503 | D:3      | Noticed a phantom
  3548 | D:3      | Reached skill level 6 in Ice Magic
  4154 | D:3      | Reached XP level 5. HP: 38/38 MP: 3/8
  5057 | D:4      | Learned a level 1 spell: Foxfire
  5057 | D:4      | Noticed an ogre
  5057 | D:4      | Noticed a steam dragon
  5071 | D:4      | Killed an ogre
  5072 | D:4      | Reached skill level 7 in Ice Magic
  5075 | D:4      | Engulfed by a steam dragon's steam

Illustrated notes

Levels and vault maps discovered:
D:1:      minmay_arrival_four_loops, layout_basic, roderic_malta_cross
D:2:      layout_loops_cross
D:3:      due_chaos_kobolds, layout_loops_ring, hangedman_feature_mirror,
          minmay_misc_feat_square
D:4:      layout_basic

Skill      XL: |  1  2  3  4  5 |
---------------+----------------+-----
Ice Magic      | 5 6 7 |  7.1
Dodging        | |  1.7
Stealth        | |  1.7
Spellcasting   | |  2.0

Action                   |  1- 3 |  4- 6 || total
-------------------------+-------+-------++-------
Melee: Unarmed           |     6 |       ||     6
       Staff             |    32 |     2 ||    34
       Short sword       |     1 |       ||     1
 Fire: Hunting sling     |       |     1 ||     1
 Cast: Freeze            |    54 |    36 ||    90
       Frozen Ramparts   |     1 |     8 ||     9
  Use: Scroll            |       |     7 ||     7
       Potion            |       |     5 ||     5
Armor: Skin              |    50 |    24 ||    74
Dodge: Dodged            |   109 |    41 ||   150

Table legend: (Time is in decaauts)
 A = Elapsed time spent in this place.
 B = Non-inter-level travel time spent in this place.
 C = Inter-level travel time spent in this place.
 D = Time resting spent in this place.
 E = Time spent auto-exploring this place.
 F = Levels seen in this place.
 G = Mean time per level.
                   A        B        C        D        E       F      G
               +--------+--------+--------+--------+--------+-----+--------+
         Total |   5084 |   4921 |    163 |   2663 |   1403 |   4 | 1271.0 |
       Dungeon |   5084 |   4921 |    163 |   2663 |   1403 |   4 | 1271.0 |
               +--------+--------+--------+--------+--------+-----+--------+

Top non-repeatable levels by time:
     D:1: 2385 daAuts
     D:2: 1491 daAuts
     D:3: 1059 daAuts
     D:4: 148 daAuts
